 Dungeon Crawl Stone Soup version 0.22-a0-558-gc224181 (webtiles) character file.

45871 glosham the Cleaver (level 14, -1/103 HPs)
             Began as a Mummy Abyssal Knight on June 27, 2018.
             Was the Champion of Lugonu.
             Slain by a blink frog (9 damage)
             ... on level 6 of the Lair of Beasts on June 28, 2018.
             The game lasted 05:02:55 (16317 turns).

glosham the Cleaver (Mummy Abyssal Knight)         Turns: 16317, Time: 05:02:56

Health: -1/103     AC: 24    Str: 19    XL:     14   Next: 2%
Magic:  0/30       EV: 12    Int: 12    God:    Lugonu [******]
Gold:   677        SH: 13    Dex: 19    Spells: 13/13 levels left

rFire    . . .     SeeInvis +   a - +0 war axe (vamp)
rCold    + . .     Gourm    .   Z - +2 shield
rNeg     + + +     Faith    .   X - +4 plate armour {rF+}
rPois    ∞         Spirit   +   U - +2 helmet {SInv}
rElec    +         Reflect  .   Y - scarf {Spirit}
rCorr    .         Harm     .   V - +0 pair of gloves "Aplabaqi" {rElec MR+ Dex+7}
MR       ++...                  W - +2 pair of boots
Stlth    ..........             (no amulet)
HPRegen  0.27/turn              A - ring of magical power
MPRegen  0.22/turn              B - +4 ring of evasion

@: barbed spikes
A: no food or potions, fire vulnerability, cold resistance 1, negative energy
resistance 3, torment resistance, unbreathing, in touch with death 1
a: Depart the Abyss, Bend Space, Banish, Corrupt, Enter the Abyss, Brand Weapon
With Distortion, Renounce Religion


You were on level 6 of the Lair of Beasts.
You worshipped Lugonu.
Lugonu was exalted by your worship.
You were not hungry.

You visited 3 branches of the dungeon, and saw 17 of its levels.
You visited the Abyss 1 time.
You also visited: Labyrinth.

You collected 1101 gold pieces.
You spent 424 gold pieces at shops.

Inventory:

Hand Weapons
 a - a +0 vampiric war axe (weapon)
 b - the +6 hand crossbow of Defiance {freeze, MP+9 Str+3}
   (You found it on level 8 of the Dungeon)

   It causes projectiles fired from it to freeze those they strike, causing
   extra injury to most foes and up to half again as much damage against
   particularly susceptible opponents.
   They can also slow down cold-blooded creatures.
   It affects your strength (+3).
   It affects your magic capacity (+9).
 c - a +1 hand axe of venom
 e - a +1 spear of freezing
 f - a +0 hand axe of holy wrath
 m - a +3 battleaxe
 s - a +2 battleaxe of freezing
 x - a +6 blowgun
 z - a +1 scimitar of flaming
 G - a +4 hand crossbow
 H - the +6 dagger of Fedhas's Vengeance {pain, rN+ Int+5}
   (You found it in a labyrinth)

   In the hands of one skilled in necromantic magic, it inflicts extra damage on
   living creatures.
   It affects your intelligence (+5).
   It protects you from negative energy.
 Q - a +2 antimagic battleaxe
Missiles
 d - 22 javelins of penetration
 j - 76 sling bullets
 l - 102 bolts
 p - 389 stones
 q - 254 arrows
 u - 6 javelins
 v - 8 curare-tipped needles
 N - 10 tomahawks (quivered)
Armour
 k - a +0 buckler
 E - a +2 robe of the Archmagi
 O - the +2 robe of the Shoals {MP+9 Dex+4}
   (You found it in a labyrinth)

   It affects your dexterity (+4).
   It affects your magic capacity (+9).
 U - a +2 helmet of see invisible (worn)
 V - the +0 pair of gloves "Aplabaqi" (worn) {rElec MR+ Dex+7}
   (You bought it in a shop on level 6 of the Dungeon)

   It affects your dexterity (+7).
   It insulates you from electricity.
   It affects your resistance to hostile enchantments.
 W - a +2 pair of boots (worn)
 X - a +4 plate armour of fire resistance (worn)
 Y - a scarf of spirit shield (worn)
 Z - a +2 shield (worn)
Magical Staves
 w - an uncursed staff of death
Jewellery
 A - a ring of magical power (left hand)
 B - a +4 ring of evasion (right hand)
 C - an uncursed ring of protection from cold
 D - an uncursed ring of ice
 F - an uncursed ring of flight
 M - an uncursed ring of wizardry
Wands
 o - a wand of polymorph (25)
 r - a wand of acid (11)
 J - a wand of paralysis (14)
 L - a wand of disintegration (40)
 P - a wand of iceblast (2)
 R - a wand of flame (22)
Scrolls
 g - a scroll of fear
 h - 8 scrolls of teleportation
 i - 3 scrolls of remove curse
 n - 2 scrolls of amnesia
 t - 4 scrolls of magic mapping
 I - 2 scrolls of fog
 K - 2 scrolls of blinking
 S - 3 scrolls of immolation
Miscellaneous
 y - a lamp of fire


   Skills:
 - Level 7.0 Fighting
 * Level 14.1 Axes
 + Level 6.1 Armour
 + Level 6.4 Dodging
 - Level 2.4 Stealth
 + Level 6.5 Shields
 - Level 9.5 Invocations


You had 13 spell levels left.
You didn't know any spells.
Your spell library contained the following spells:

 Spells                   Type           Power        Failure   Level  Hunger
 Cause Fear               Hex            #.........   100%        4    N/A
 Magic Dart               Conj           #...         100%        1    N/A
 Conjure Flame            Conj/Fire      #.......     100%        3    N/A
 Slow                     Hex            #.......     100%        2    N/A
 Mephitic Cloud           Conj/Pois/Air  #.......     100%        3    N/A
 Summon Small Mammal      Summ           #...         100%        1    N/A
 Bolt of Draining         Conj/Necr      #.........   100%        5    N/A
 Blink                    Tloc           N/A          100%        2    N/A
 Animate Dead             Necr           N/A          100%        4    N/A
 Pain                     Necr           #...         100%        1    N/A
 Animate Skeleton         Necr           N/A          100%        1    N/A
 Vampiric Draining        Necr           #.........   100%        3    N/A
 Summon Ice Beast         Ice/Summ       #.......     100%        4    N/A
 Call Imp                 Summ           #.......     100%        2    N/A
 Regeneration             Chrm/Necr      #.........   100%        3    N/A
 Summon Demon             Summ           #.........   100%        5    N/A
 Call Canine Familiar     Summ           #.......     100%        3    N/A
 Static Discharge         Conj/Air       #.......     100%        3    N/A
 Corona                   Hex            #......      100%        1    N/A
 Simulacrum               Ice/Necr       #.........   100%        6    N/A
 Portal Projectile        Hex/Tloc       #.....       100%        3    N/A
 Orb of Destruction       Conj           #.........   100%        7    N/A
 Leda's Liquefaction      Hex/Erth       #.........   100%        4    N/A
 Shroud of Golubria       Chrm/Tloc      #.........   100%        2    N/A
 Inner Flame              Hex/Fire       #.......     100%        3    N/A
 Infusion                 Chrm           #...         100%        1    N/A
 Song of Slaying          Chrm           #.......     100%        2    N/A
 Spectral Weapon          Hex/Chrm       #.......     100%        3    N/A
 Summon Forest            Summ/Tloc      #.........   100%        5    N/A
 Summon Lightning Spire   Summ/Air       #.......     100%        4    N/A
 Summon Guardian Golem    Hex/Summ       #.......     100%        3    N/A

Dungeon Overview and Level Annotations

Branches:
Dungeon (10/15)            Temple (0/1) D:4            Lair (6/6) D:10
 Shoals (0/4) Lair:3        Snake (0/4) Lair:2        Slime (0/5) Lair:5
    Orc (1/2) D:9

Altars:
Ashenzari
Makhleb
Nemelex Xobeh
Okawaru
Qazlal
Ru
Sif Muna
Uskayaw
Vehumet
Xom
Beogh

Shops:
D:6 [:[   Orc:1 (


Innate Abilities, Weirdness & Mutations

You do not eat or drink.
Your flesh is vulnerable to fire.
You are immune to poison.
Your flesh is cold resistant. (rC+)
You are immune to negative energy. (rN+++)
You are immune to unholy pain and torment.
You can survive without breathing.
You are in touch with the powers of death.


Message History

You hit the elephant. You slash the manticore!
You hit the hippogriff but do no damage.
The manticore closely misses you.
The manticore claws you but does no damage. x2
The blink frog blinks!
The komodo dragon barely misses you.
The elephant tramples you but does no damage.
The elephant trunk-slaps you but does no damage.
The hippogriff barely misses you. The hippogriff pecks you.
The hippogriff claws you but does no damage.
You barely miss the komodo dragon.
The komodo dragon is severely wounded.
You barely miss the hippogriff. You closely miss the manticore.
You hit the elephant.
You feel better. The manticore barely misses you.
The manticore closely misses you. x2; The komodo dragon bites you!!
The elephant tramples you!
* * * LOW HITPOINT WARNING * * *
You hold your ground!
You block the elephant's attack.
You hit the komodo dragon.
The komodo dragon is severely wounded.
You slash the hippogriff!
You feel better.
You hit the manticore but do no damage. You hit the elephant but do no damage.
The hippogriff bites you but does no damage.
The hippogriff pecks you but does no damage.
The hippogriff claws you but does no damage.
The manticore bites you!
* * * LOW HITPOINT WARNING * * *
You block the manticore's attack. The manticore barely misses you.
You block the komodo dragon's attack. You block the elephant's attack.
The elephant trunk-slaps you but does no damage.
The blink frog hits you but does no damage.
You closely miss the komodo dragon.
The komodo dragon is severely wounded.
You closely miss the hippogriff. You hit the manticore but do no damage.
You miss the blink frog. You hit the elephant but do no damage.
The hippogriff bites you.
* * * LOW HITPOINT WARNING * * *
The hippogriff pecks you.
* * * LOW HITPOINT WARNING * * *
The hippogriff closely misses you. The blink frog hits you!
You die...

##.....P
.###......###
......8......###
..........8....##
.......8.........
............8...#
.....8.†FH.....#
.#.....FY@#....#
.......SlH....#
.........###...#
.......<.# ..#
.....#.†.# ##
...........
#.#..........
...##.........P
$. .#.......P.


You could see an elephant, a manticore, a komodo dragon, a hippogriff, 2 blink
frogs and a water moccasin.

Vanquished Creatures
  Gastronok (Lair:1)
  A frost giant (D:9)
  A minotaur (Lab)
  Josephine (D:10)
  2 hydras
  Erica (D:8)
  A two-headed ogre (D:10)
  A queen ant (Lair:5)
  4 orc knights
  A manticore (D:9)
  4 elephants (Lair:6)
  4 black mambas
  A torpor snail (Lair:4)
  8 spiny frogs
  A rime drake (Lair:5)
  3 minotaur zombies (Lab)
  5 komodo dragons
  2 trolls
  A hornet (D:9)
  5 blink frogs
  6 hippogriffs
  9 dream sheep
  2 shadows (Lab)
  4 wraiths (D:10)
  A human (D:9)
  4 wyverns
  51 yaks
  7 basilisks
  A warg (Orc:1)
  25 soldier ants (Lair:5)
  2 nagas (Lair:2)
  12 orc warriors
  8 water moccasins
  The ghost of Mamutox the Sneak, an amateur SpEn (D:4)
  9 porcupines
  7 ogres
  2 ice beasts
  2 sky beasts
  2 black bears
  A necrophage (D:6)
  A phantom (D:6)
  6 wolves (Lair:2)
  4 centaurs
  7 crocodiles
  A big kobold (D:8)
  10 bullfrogs
  7 scorpions
  A wyvern skeleton (D:6)
  6 wights
  3 howler monkeys
  An electric eel (Lair:3)
  2 crimson imps
  3 hounds
  A centaur zombie (D:9)
  2 bullfrog zombies
  7 orc priests
  A bullfrog skeleton (D:8)
  15 jellies
  10 orc wizards
  2 centaur skeletons (D:10)
  An iron imp (Abyss:3)
  2 iguanas
  26 worker ants
  2 hell rats (Lair:1)
  A hound zombie (D:8)
  A hound skeleton (D:4)
  A howler monkey zombie (D:7)
  4 gnolls (D:7)
  7 river rats (Lair:1)
  11 adders
  3 shadow imps
  3 oozes
  An adder zombie (D:9)
  An adder skeleton (D:4)
  5 dart slugs
  7 leopard geckos
  47 orcs
  2 giant cockroaches
  13 goblins
  11 hobgoblins
  12 jackals
  3 quokkas
  5 bats
  4 frilled lizards
  12 kobolds
  A quokka skeleton (D:4)
  A quokka zombie (D:5)
  8 rats
  A fungus (Lair:1)
  A plant (Lair:2)
491 creatures vanquished.

Vanquished Creatures (others)
  2 entropy weavers (Lair:5)
  A hydra (Lair:3)
  A two-headed ogre (D:10)
  An efreet (D:9)
  A centaur zombie (D:9)
  A fungus (Lair:5)
7 creatures vanquished.

Grand Total: 498 creatures vanquished

Notes
Turn   | Place    | Note
-------+----------+-------------------------------------------
     0 | Abyss:1  | glosham the Mummy Abyssal Knight began the quest for the Orb.
     0 | Abyss:1  | Reached XP level 1. HP: 18/18 MP: 2/2
    47 | Abyss:2  | Noticed a wraith
    69 | Abyss:2  | Found a sacrificial altar of Ru.
   121 | Abyss:3  | Noticed an iron imp
   129 | Abyss:3  | Killed an iron imp
   129 | Abyss:3  | Reached skill level 2 in Stealth
   129 | Abyss:3  | Reached XP level 2. HP: 24/24 MP: 3/3
   131 | Abyss:3  | Noticed a wretched star
   131 | Abyss:3  | Noticed a tentacled monstrosity
   135 | D:1      | Escaped the Abyss
   143 | D:1      | Reached XP level 3. HP: 24/29 MP: 2/4
   479 | D:1      | Reached * piety under Lugonu
   631 | D:1      | Reached skill level 2 in Axes
   758 | D:1      | Reached skill level 1 in Shields
   858 | D:2      | Reached XP level 4. HP: 21/35 MP: 5/5
  1287 | D:2      | Reached ** piety under Lugonu
  1624 | D:3      | Found a shattered altar of Ashenzari.
  1695 | D:3      | Reached skill level 3 in Axes
  1729 | D:3      | Reached XP level 5. HP: 29/41 MP: 6/6
  1794 | D:3      | Found a faded altar of an unknown god.
  1899 | D:3      | Reached skill level 4 in Axes
  2134 | D:4      | Reached XP level 6. HP: 21/47 MP: 7/7
  2256 | D:4      | Reached skill level 5 in Axes
  2284 | D:4      | HP: 3/47 [ogre/giant spiked club (5)]
  2673 | D:4      | Reached XP level 7. HP: 21/52 MP: 2/8
  2770 | D:4      | Found a hide-covered altar of Uskayaw.
  2831 | D:4      | Reached skill level 6 in Axes
  2934 | D:4      | Noticed Mamutox's ghost (amateur SpEn)
  2935 | D:4      | Found a runed door.
  2958 | D:4      | Reached *** piety under Lugonu
  2970 | D:4      | Found a staircase to the Ecumenical Temple.
  3215 | D:5      | Entered Level 5 of the Dungeon
  3314 | D:5      | Reached skill level 2 in Armour
  3745 | D:6      | Found Fintu's Book Boutique.
  3790 | D:6      | Reached skill level 2 in Shields
  3799 | D:6      | Reached XP level 8. HP: 47/58 MP: 9/9
  3832 | D:6      | Reached skill level 7 in Axes
  3883 | D:6      | Found Neodydod's Antique Armour Shoppe.
  4016 | D:6      | Found Poluh's Antique Armour Shoppe.
  4077 | D:6      | Reached skill level 4 in Fighting
  4147 | D:6      | Bought a pair of pitted gloves for 237 gold pieces
  4147 | D:6      | Identified the +0 pair of gloves "Aplabaqi" {rElec MR+ Dex+7} (You bought it in a shop on level 6 of the Dungeon)
  4224 | D:6      | Reached skill level 1 in Dodging
  4263 | D:7      | Reached skill level 3 in Shields
  4270 | D:7      | Reached **** piety under Lugonu
  4482 | D:7      | Reached skill level 2 in Dodging
  4607 | D:7      | Reached skill level 8 in Axes
  4825 | D:8      | Reached XP level 9. HP: 66/66 MP: 10/10
  4923 | D:8      | Reached skill level 2 in Invocations
  4930 | D:8      | Got a polished hand crossbow
  4937 | D:8      | Noticed Erica
  4946 | D:8      | Reached skill level 5 in Fighting
  4965 | D:8      | Killed Erica
  4965 | D:8      | Reached skill level 3 in Invocations
  5093 | D:8      | Found a sacrificial altar of Ru.
  5138 | D:8      | Reached skill level 4 in Invocations
  5167 | D:8      | Reached skill level 9 in Axes
  5493 | D:8      | Found a stormy altar of Qazlal.
  5495 | D:8      | Found a deep blue altar of Sif Muna.
  5496 | D:8      | Found a shimmering altar of Xom.
  5529 | D:8      | Found a sacrificial altar of Ru.
  5529 | D:8      | Found a sparkling altar of Nemelex Xobeh.
  5529 | D:8      | Found an iron altar of Okawaru.
  5535 | D:8      | Found a radiant altar of Vehumet.
  5639 | D:9      | Reached ***** piety under Lugonu
  5692 | D:9      | Reached skill level 6 in Fighting
  5787 | D:9      | Reached XP level 10. HP: 60/76 MP: 13/13
  5823 | D:9      | Reached skill level 5 in Invocations
  6058 | D:9      | Noticed a manticore
  6061 | D:9      | Found a large runed door.
  6062 | D:9      | Found a large runed door.
  6334 | D:9      | Found a staircase to the Orcish Mines.
  6390 | D:9      | Reached skill level 6 in Invocations
  6436 | D:9      | Reached skill level 10 in Axes
  6573 | D:9      | Identified the Guide on Supportive Sinister Arts
  6584 | D:9      | Found a sacrificial altar of Ru.
  6584 | D:9      | Noticed an orc knight
  6616 | D:8      | Killed an orc knight
  6658 | D:8      | Identified the +6 hand crossbow of Defiance {freeze, MP+9 Str+3} (You found it on level 8 of the Dungeon)
  6698 | D:9      | Reached skill level 7 in Invocations
  6769 | D:9      | Found a burning altar of Makhleb.
  6769 | D:9      | Noticed a frost giant
  6789 | D:9      | Killed a frost giant
  6969 | D:9      | Killed a manticore
  6969 | D:9      | Reached XP level 11. HP: 39/81 MP: 7/16
  7170 | D:4      | Killed Mamutox's ghost
  7294 | Orc:1    | Entered Level 1 of the Orcish Mines
  7348 | Orc:1    | Noticed an orc knight
  7364 | Orc:1    | Reached skill level 8 in Invocations
  7738 | Orc:1    | Killed an orc knight
  7738 | Orc:1    | Reached skill level 11 in Axes
  8907 | Orc:1    | Noticed an orc knight
  8912 | Orc:1    | Noticed an orc knight
  8954 | D:9      | Killed an orc knight
  9009 | D:6      | Bought a runed helmet for 187 gold pieces
  9335 | D:9      | Killed an orc knight
  9617 | Orc:1    | Found a roughly hewn altar of Beogh.
  9622 | Orc:1    | Found Uzoonn's Antique Weapon Shop.
  9739 | D:10     | Entered Level 10 of the Dungeon
  9803 | D:10     | Noticed a two-headed ogre
  9822 | D:10     | Killed a two-headed ogre
  9822 | D:10     | Reached skill level 9 in Invocations
 10202 | D:10     | Noticed Josephine
 10223 | D:10     | Killed Josephine
 10283 | D:10     | Noticed a two-headed ogre
 10284 | D:10     | Banished a two-headed ogre
 10501 | D:10     | Found a staircase to the Lair.
 10536 | D:10     | Reached skill level 7 in Fighting
 10616 | D:10     | Reached skill level 12 in Axes
 10778 | Lair:1   | Entered Level 1 of the Lair of Beasts
 10807 | Lair:1   | Reached XP level 12. HP: 76/91 MP: 14/19
 10998 | Lair:1   | Noticed Gastronok
 10998 | Lair:1   | Noticed a five-headed hydra
 11004 | Lair:1   | Killed a five-headed hydra
 11004 | Lair:1   | Reached skill level 3 in Dodging
 11011 | Lair:1   | Killed Gastronok
 11122 | Lair:1   | Reached skill level 3 in Armour
 11161 | Lair:1   | Got a brightly glowing rapier
 11465 | Lair:1   | Identified the +6 rapier "Qutiely" {venom, +Blink rN+ MP-9 Int+2} (You found it on level 1 of the Lair of Beasts)
 11740 | Lair:2   | Reached skill level 4 in Shields
 11834 | Lair:2   | Reached skill level 4 in Dodging
 11838 | Lair:2   | Found a staircase to the Snake Pit.
 12434 | Lair:3   | Reached skill level 4 in Armour
 12510 | Lair:3   | Found a labyrinth entrance.
 12560 | Lab      | Entered a labyrinth
 12959 | Lab      | Reached skill level 13 in Axes
 12977 | Lab      | Noticed a minotaur
 12991 | Lab      | Identified Viucedum's Almanac of Battle Magic and Necromancy
 13005 | Lab      | Killed a minotaur
 13021 | Lab      | Got a warped dagger
 13021 | Lab      | Got a bloodstained robe
 13033 | Lab      | Identified the +2 robe of the Shoals {MP+9 Dex+4} (You found it in a labyrinth)
 13057 | Lab      | Identified the +6 dagger of Fedhas's Vengeance {pain, rN+ Int+5} (You found it in a labyrinth)
 13235 | Lab      | Reached skill level 5 in Shields
 13264 | Lab      | Gained mutation: You are in touch with the powers of death. [Mummy growth]
 13264 | Lab      | Reached XP level 13. HP: 35/96 MP: 12/20
 13614 | Lair:3   | Found a staircase to the Shoals.
 13897 | Lair:3   | Reached skill level 5 in Dodging
 13916 | Lair:3   | Reached ****** piety under Lugonu
 14392 | Lair:4   | Reached skill level 5 in Armour
 14518 | Lair:4   | Found a hide-covered altar of Uskayaw.
 15408 | Lair:5   | Noticed an entropy weaver
 15414 | Lair:5   | Banished an entropy weaver
 15430 | Lair:5   | Reached skill level 6 in Shields
 15465 | Lair:5   | Reached skill level 6 in Dodging
 15791 | Lair:5   | Found a staircase to the Slime Pits.
 15810 | Lair:5   | Reached skill level 14 in Axes
 15825 | Lair:5   | Noticed an entropy weaver
 15827 | Lair:5   | Banished an entropy weaver
 15990 | Lair:5   | Reached skill level 6 in Armour
 16270 | Lair:6   | Entered Level 6 of the Lair of Beasts
 16303 | Lair:6   | Reached XP level 14. HP: 91/103 MP: 15/21
 16317 | Lair:6   | HP: 8/103 [hippogriff (3)]
 16317 | Lair:6   | Slain by a blink frog

Vault maps used:
D:1:      tarquinn_simple_flora_water_e
D:2:      hangedman_decor_clover_reticule
D:3:      evilmike_ruin_ashenzari, chequers_ecumenical_altar_island,
          minmay_quantized
D:4:      eat_drink_and_be_merry_uskayaw, minmay_temple_entry_crystal_x,
          first_ration, gammafunk_ghost_grave
D:5:      minmay_misc_feat_tiny
D:6:      serial_shops, shop, shop, shop
D:8:      grunt_temple_overflow_open, basic_altar, uniq_erica
D:9:      orc_0_dummy, st_stairs_9, grunt_pizzeria, jmf_multi_god_temple2
D:10:     lair_entry_dummy, minmay_tree_intersection, minmay_holes,
          uniq_josephine
Lair:1:   columned_hall_lemuel, kennysheep_rathole, uniq_gastronok
Lair:2:   guppyfry_snake_entry_island, serial_bayou_pond_d, st_stairs_5,
          grunt_megastairs_3
Lair:3:   shoals_dummy_entry, lab_entry_generic, kennysheep_basilisk_garden,
          lemuel_fruit_fields, grunt_megastairs_4, serial_bayou_shore_a
Lair:4:   cheibrodos_lair_river_kwai, basic_altar
Lair:5:   minmay_slime_entry_jelly_boxes, minivault_29
Lair:6:   evilmike_catoblepas_cave, disabler_island
Orc:1:    basic_altar, serial_shops, nicolae_shop_stone
Abyss:1:  hangedman_abyss_sting
Abyss:2:  bh_abyss_exit_choice
Abyss:3:  evilmike_abyss_exit_chaos, evilmike_abyss_rune_elephants_shrine
Lab:      labyrinth_hidden_loot, nicolae_lab_starburst

Skill      XL: |  1  2  3  4  5  6  7  8  9 10 11 12 13 |
---------------+----------------------------------------+-----
Stealth        | 2 |  2.4
Axes           | 2 3 4 5 6 8 9 10 12 13 14 | 14.1
Shields        | 1 2 3 5 6 |  6.5
Armour         | 2 4 6 |  6.1
Fighting       | 4 6 7 |  7.0
Dodging        | 2 4 6 |  6.4
Invocations    | 4 7 9 |  9.5

Action                   |  1- 3 |  4- 6 |  7- 9 | 10-12 | 13-15 || total
-------------------------+-------+-------+-------+-------+-------++-------
Melee: Hand axe          |    77 |   231 |   455 |   675 |       ||  1438
       War axe           |       |       |    49 |   556 |   781 ||  1386
       Scimitar          |       |       |       |       |     3 ||     3
 Fire: Hunting sling     |       |     3 |     3 |       |       ||     6
       Hand crossbow     |       |       |       |    19 |     3 ||    22
Throw: Javelin           |       |       |    20 |    14 |       ||    34
       Throwing net      |       |       |       |     1 |       ||     1
       Tomahawk          |       |       |       |    10 |       ||    10
Invok: Depart the Abyss  |     1 |       |       |       |       ||     1
       Banish            |       |       |       |     7 |     4 ||    11
 Abil: Evoke Flight      |       |       |       |       |     1 ||     1
Evoke: Wand              |     1 |     2 |     3 |    13 |     6 ||    25
  Use: Scroll            |     8 |     4 |     4 |     7 |     2 ||    25
 Stab: Sleeping          |     1 |     1 |       |       |       ||     2
       Held in net/web   |       |       |       |     3 |       ||     3
       Confused          |       |       |       |     8 |       ||     8
Armor: Leather armour    |     1 |       |       |       |       ||     1
       Scale mail        |    30 |    27 |       |       |       ||    57
       Ring mail         |     2 |       |       |       |       ||     2
       Plate armour      |       |    62 |   208 |   465 |   395 ||  1130
Dodge: Dodged            |    20 |    23 |    38 |   149 |   289 ||   519
Block: Shield            |    25 |    88 |   250 |   553 |   548 ||  1464

Table legend:
 A = Spawn XP
 B = Non-spawn XP
 C = Spawn XP percentage of total XP
 D = Spawn monster count
 E = Non-spawn monster count
 F = Spawn count percentage of total count
 G = Total turns spent on level
                    A         B        C        D         E        F      G
               +---------+---------+-------+---------+---------+-------+---------
         Total |      39 |   65492 |   0.1 |       1 |     493 |   0.2 | 16317
               +---------+---------+-------+---------+---------+-------+---------
           D:1 |       0 |      45 |   0.0 |       0 |      23 |   0.0 |   730
           D:2 |       0 |      44 |   0.0 |       0 |      18 |   0.0 |   608
           D:3 |       0 |     230 |   0.0 |       0 |      30 |   0.0 |   979
           D:4 |       0 |     832 |   0.0 |       0 |      26 |   0.0 |   934
           D:5 |       0 |      81 |   0.0 |       0 |       9 |   0.0 |   524
           D:6 |       0 |     794 |   0.0 |       0 |      16 |   0.0 |   571
           D:7 |       0 |     868 |   0.0 |       0 |      21 |   0.0 |   653
           D:8 |       0 |    3022 |   0.0 |       0 |      32 |   0.0 |   992
           D:9 |       0 |    6736 |   0.0 |       0 |      46 |   0.0 |  1934
          D:10 |       0 |    5848 |   0.0 |       0 |      28 |   0.0 |   976
        Lair:1 |       0 |    6525 |   0.0 |       0 |      26 |   0.0 |   966
        Lair:2 |       0 |    4504 |   0.0 |       0 |      23 |   0.0 |   688
        Lair:3 |       0 |    7621 |   0.0 |       0 |      39 |   0.0 |   679
        Lair:4 |       0 |    7319 |   0.0 |       0 |      30 |   0.0 |  1099
        Lair:5 |       0 |   12412 |   0.0 |       0 |      78 |   0.0 |  1095
        Lair:6 |       0 |    2843 |   0.0 |       0 |       7 |   0.0 |    47
         Orc:1 |       0 |    2980 |   0.0 |       0 |      35 |   0.0 |  1742
       Abyss:3 |      39 |       0 | 100.0 |       1 |       0 | 100.0 |    55
           Lab |       0 |    2788 |   0.0 |       0 |       6 |   0.0 |   965
               +---------+---------+-------+---------+---------+-------+---------

Table legend:
 A = Turns spent in this place as a percentage of turns spent in the entire game.
 B = Non-inter-level travel turns spent in this place as a percentage of non-inter-level travel turns spent in the entire game.
 C = Inter-level travel turns spent in this place as a percentage of turns spent in this place.
 D = Turns resting spent in this place as a percentage of non-inter-level travel turns spent in this place.
 E = Turns spent auto-exploring this place as a percentage of non-inter-level travel turns spent in this place.
 F = Non-inter-level travel turns spent in this place divided by the number of levels of this place that you've seen.
                   A       B       C       D       E      F
               +-------+-------+-------+-------+-------+----------------------
         Total | 100.0 | 100.0 |   9.2 |  18.0 |   2.4 | 705.7
       Dungeon |  54.6 |  53.5 |  10.9 |  14.2 |   2.4 | 792.9
          Lair |  28.0 |  27.5 |  11.1 |   0.9 |   4.1 | 678.0
  Orcish Mines |  10.7 |  11.6 |   1.1 |  65.2 |   0.0 | 1722.0
         Abyss |   0.8 |   0.9 |   0.0 |   0.0 |   0.0 |  45.0
     Labyrinth |   5.9 |   6.5 |   0.0 |  39.7 |   0.0 | 965.0
               +-------+-------+-------+-------+-------+----------------------

Table legend:
 A = Kills in this place as a percentage of kills in entire the game.
 B = Kills by you in this place as a percentage of kills by you in the entire game.
 C = Kills by friends in this place as a percentage of kills by friends in the entire game.
 D = Other kills in this place as a percentage of other kills in the entire game.
 E = Experience gained in this place as a percentage of experience gained in the entire game.
 F = Experience gained in this place divided by the number of levels of this place that you have seen.
                   A       B       C       D       E      F
               +-------+-------+-------+-------+-------+----------------------
         Total | 100.0 | 100.0 |   N/A | 100.0 | 100.0 | 3120.5
       Dungeon |  50.4 |  50.5 |   N/A |  40.0 |  28.2 | 1850.0
          Lair |  41.1 |  40.9 |   N/A |  60.0 |  62.9 | 6870.7
  Orcish Mines |   7.1 |   7.2 |   N/A |   0.0 |   4.5 | 2980.0
         Abyss |   0.2 |   0.2 |   N/A |   0.0 |   0.1 |  13.0
     Labyrinth |   1.2 |   1.2 |   N/A |   0.0 |   4.3 | 2788.0
               +-------+-------+-------+-------+-------+----------------------

Vault maps used:
D:1:      tarquinn_simple_flora_water_e
D:2:      hangedman_decor_clover_reticule
D:3:      evilmike_ruin_ashenzari, chequers_ecumenical_altar_island,
          minmay_quantized
D:4:      eat_drink_and_be_merry_uskayaw, minmay_temple_entry_crystal_x,
          first_ration, gammafunk_ghost_grave
D:5:      minmay_misc_feat_tiny
D:6:      serial_shops, shop, shop, shop
D:8:      grunt_temple_overflow_open, basic_altar, uniq_erica
D:9:      orc_0_dummy, st_stairs_9, grunt_pizzeria, jmf_multi_god_temple2
D:10:     lair_entry_dummy, minmay_tree_intersection, minmay_holes,
          uniq_josephine
Lair:1:   columned_hall_lemuel, kennysheep_rathole, uniq_gastronok
Lair:2:   guppyfry_snake_entry_island, serial_bayou_pond_d, st_stairs_5,
          grunt_megastairs_3
Lair:3:   shoals_dummy_entry, lab_entry_generic, kennysheep_basilisk_garden,
          lemuel_fruit_fields, grunt_megastairs_4, serial_bayou_shore_a
Lair:4:   cheibrodos_lair_river_kwai, basic_altar
Lair:5:   minmay_slime_entry_jelly_boxes, minivault_29
Lair:6:   evilmike_catoblepas_cave, disabler_island
Orc:1:    basic_altar, serial_shops, nicolae_shop_stone
Abyss:1:  hangedman_abyss_sting
Abyss:2:  bh_abyss_exit_choice
Abyss:3:  evilmike_abyss_exit_chaos, evilmike_abyss_rune_elephants_shrine
Lab:      labyrinth_hidden_loot, nicolae_lab_starburst
